 Dungeon Crawl Stone Soup version 0.30-a0-305-g026cb31310 (webtiles) character file.

Game seed: 10395975915968795392

183 KennySheep the Conjurer (level 5, -6/38 HPs)
             Began as a Demigod Conjurer on Oct 21, 2022.
             Mangled by a gnoll
             ... wielding a +1 halberd of protection
             ... led by a gnoll bouda
              (12 damage)
             ... on level 3 of the Dungeon.
             The game lasted 00:08:19 (2648 turns).

KennySheep the Conjurer (Demigod Conjurer)          Turns: 2648, Time: 00:08:19

Health: -6/38      AC:  3    Str:  8    XL:     5   Next: 13%
Magic:  2/11       EV: 12    Int: 24    God:
Gold:   21         SH:  5    Dex: 12    Spells: 2/9 levels left

rFire   . . .      SeeInvis .    h - +0 dagger
rCold   . . .      Faith    .    (no shield)
rNeg    . . .      Spirit   .    a - +0 robe
rPois   .          Reflect  +    (no helmet)
rElec   .          Harm     .    (no cloak)
rCorr   .          Rampage  .    l - +0 pair of gloves
Will    .....                    (no boots)
Stlth   ++........               c - amulet of reflection
HPRegen 0.26/turn                (no ring)
MPRegen 0.12/turn                (no ring)

@: no status effects
A: high MP 1, forlorn, divine attributes
a: no special abilities


You were on level 3 of the Dungeon.
You visited 1 branch of the dungeon, and saw 3 of its levels.

You collected 136 gold pieces.
You spent 115 gold pieces at shops.

Inventory:

Hand Weapons
 h - a +0 dagger (weapon)
Armour
 a - a +0 robe (worn)
 l - a +0 pair of gloves (worn)
Jewellery
 c - an amulet of reflection (around neck)
 m - an amulet of regeneration
 o - a +4 ring of evasion
Scrolls
 b - a scroll of noise
 d - a scroll of magic mapping
 j - a scroll of teleportation
 k - a scroll of enchant armour
 n - a scroll of acquirement {unknown}
 p - a scroll of immolation {unknown}
Potions
 e - a potion of mutation


   Skills:
 - Level 1.7 Dodging
 - Level 1.7 Stealth
 + Level 2.6 Spellcasting
 * Level 4.7 Conjurations
 * Level 2.8 Translocations


You had 2 spell levels left.
You knew the following spells:

 Your Spells              Type           Power      Damage    Failure   Level
a - Magic Dart            Conj           100%       1d8       1%          1
b - Searing Ray           Conj           50%        2d6       2%          2
c - Iskenderun's Mystic   Conj/Tloc      21%        2d6       24%         4

Your spell library contained the following spells:

 Spells                   Type           Power      Damage    Failure   Level
 Dazzling Flash           Conj/Hex       28%        N/A       13%         3
 Fulminant Prism          Conj/Hex       7%         3d7       38%         4


Dungeon Overview and Level Annotations

Branches:
Dungeon (3/15)

Shops:
D:2 *

Annotations:
D:2 Terence


Innate Abilities, Weirdness & Mutations

You have an increased reservoir of magic. (+10% MP)
You shall have no god before yourself.
Your divine heritage dramatically boosts your attributes as you level up.


Message History

The spell is quite dangerous to miscast (24% risk of failure)!
Continue anyway?
You erupt in a blast of force!
The mystic blast hits the gnoll.
The gnoll is heavily wounded.
The gnoll is knocked back by the mystic blast.
The gnoll collides with the adder!
The adder is heavily wounded.
The gnoll is severely wounded.
The mystic blast hits the adder!
The adder is severely wounded.
The adder is knocked back by the mystic blast.
The adder slams into the rock wall!
You kill the adder!
Casting: Iskenderun's Mystic Blast (quite dangerous; 24% risk of failure)
Confirm with . or Enter, or press ? or * to list all spells.
Aiming: Searing Ray (safe; 2% risk of failure)
Press: ? - help, Shift-Dir - straight line, f - gnoll
Aim: a gnoll, wielding a +1 halberd of protection (severely wounded, 82% to hit)
The searing ray hits the gnoll.
The gnoll is almost dead.
The searing ray hits the adder!
You kill the adder! (Press . to maintain the ray.)
The gnoll hits you from afar with a +1 halberd of protection!
* * * LOW HITPOINT WARNING * * *
The searing ray hits the gnoll but does no damage.
The gnoll is almost dead.
The gnoll barely misses you.
Okay, then.
Blink to where?
Press: ? - help, Dir - move target, p - gnoll
As you read the scroll of blinking, it crumbles to dust.
The gnoll bouda barks out a call to the hunt!
The gnoll picks up the pace!
The gnoll bouda calls upon its god to heal the gnoll.
The gnoll is healed somewhat.
Your magical contamination has completely faded away.
Things that are here:
a +0 robe; a +0 dagger The gnoll hits you from afar with a +1 halberd of protection!
You die...

...§≈.#._.#.≈........ ........
....≈.# ..§.....#.## #####.
....≈.#####.≈........#######.....
###.≈.§§§§§g§§........##.....####
#.≈§§≈≈§§§≈§...........#####
###...g§§§.§§§........####
.†††######.........#..).# ##...#
####....[...#..#.# #####
#............g[@.<##.#.# #.g.###
#...######........##g#.###.##..§
....# #........##g#...#.##.≈.
....# #........##....gg..#g§.
##...# ###########......†.#g§§
#...# #......†.#§≈≈ #........#.§§
#........#.§. #........#.§.


You could see a gnoll bouda and a gnoll (swift).

Vanquished Creatures
  2 orc wizards (D:3)
  3 gnolls
  2 adders (D:3)
  2 dart slugs (D:1)
  3 orcs (D:3)
  10 ball pythons
  6 endoplasms
  A giant cockroach (D:1)
  3 goblins
  8 hobgoblins
  7 jackals
  2 quokkas (D:3)
  9 bats
  5 frilled lizards
  6 kobolds
  6 rats
75 creatures vanquished.

Notes
Turn   | Place    | Note
-------+----------+-------------------------------------------
     0 | D:1      | KennySheep the Demigod Conjurer began the quest for the
                  | Orb.
     0 | D:1      | Reached XP level 1. HP: 14/14 MP: 5/5
   166 | D:1      | Reached XP level 2. HP: 20/20 MP: 5/7
   216 | D:1      | Reached skill level 1 in Translocations
   481 | D:1      | Reached skill level 4 in Conjurations
   764 | D:1      | Reached XP level 3. HP: 26/26 MP: 4/8
  1042 | D:2      | Learned a level 2 spell: Searing Ray
  1560 | D:2      | Found Fogg's General Store.
  1641 | D:2      | Bought a scroll of teleportation for 33 gold pieces
  1641 | D:2      | Bought a scroll of blinking for 82 gold pieces
  1806 | D:3      | Noticed Terence
  2046 | D:2      | Reached XP level 4. HP: 4/33 MP: 6/10
  2396 | D:3      | Learned a level 4 spell: Iskenderun's Mystic Blast
  2573 | D:3      | Reached XP level 5. HP: 38/38 MP: 5/11
  2648 | D:3      | Mangled by a gnoll

Illustrated notes

Levels and vault maps discovered:
D:1:      ncdulo_watergridlock, layout_rooms
D:2:      layout_basic, serial_shops, shop_statue
D:3:      layout_rooms, mainiacjoe_overflow_paths, mainiacjoe_overflow_brackets,
          uniq_terence

Skill      XL: |  1  2  3 |
---------------+----------+-----
Spellcasting   | 2 |  2.6
Translocations | 1 2 |  2.8
Conjurations   | 4 |  4.7
Dodging        | |  1.7
Stealth        | |  1.7

Action                   |  1- 3 |  4- 6 || total
-------------------------+-------+-------++-------
Melee: Dagger            |     9 |     5 ||    14
       Unarmed           |     6 |       ||     6
 Cast: Magic Dart        |   105 |    31 ||   136
       Searing Ray       |     4 |     5 ||     9
       Iskenderun's Myst |       |     1 ||     1
  Use: Scroll            |     5 |     2 ||     7
       Potion            |     2 |     2 ||     4
Armor: Robe              |     2 |     4 ||     6
Dodge: Dodged            |    17 |    18 ||    35
Block: Other             |     5 |     6 ||    11

Table legend: (Time is in decaauts)
 A = Elapsed time spent in this place.
 B = Non-inter-level travel time spent in this place.
 C = Inter-level travel time spent in this place.
 D = Time resting spent in this place.
 E = Time spent auto-exploring this place.
 F = Levels seen in this place.
 G = Mean time per level.
                   A        B        C        D        E       F      G
               +--------+--------+--------+--------+--------+-----+--------+
         Total |   2650 |   2504 |    146 |    412 |   1630 |   3 |  883.3 |
       Dungeon |   2650 |   2504 |    146 |    412 |   1630 |   3 |  883.3 |
               +--------+--------+--------+--------+--------+-----+--------+

Top non-repeatable levels by time:
     D:2: 1267 daAuts
     D:1: 945 daAuts
     D:3: 438 daAuts
